Map: Golden Wall LE

Players

Serral

  • Race: Zerg Zerg
  • League: Grandmaster
  • Spawn Location: 5:00

LiquidClem (Clem) - Winner!

  • Race: Terran Terran
  • League: Master
  • Spawn Location: 7:00

Event: DreamHack SC2 Masters 2020 Fall

VOD

Have the link to the VOD?

Description

Time

  • Played on: Sept. 19, 2020, 1:26 p.m.
  • Length: 11:15

All games in this series

Show
View Real Time Build Order
Export as new Build Order

Serral Zerg 

Build Orders: Hatch First 

Get SALT Encoding   

  12  0:00  Drone  
  13  0:12  Overlord  
  13  0:16  Drone  
  14  0:30  Drone x2  
  16  0:48  Hatchery  
  15  0:52  Drone  
  15  0:55  Drone  
  17  0:58  Drone  
  18  1:08  Extractor  
  17  1:14  Spawning Pool  
  17  1:18  Drone  
  17  1:21  Drone  
  18  1:27  Drone  
  19  1:38  Drone  
  20  1:49  Overlord  
  20  2:00  Queen x2  
  24  2:01  Zergling x4  
  26  2:11  Drone x2  
  28  2:19  Metabolic Boost  
  28  2:21  Drone x2  
  30  2:40  Hatchery  
  30  2:44  Drone x2  
  30  2:49  Queen  
  32  2:54  Overlord  
  32  2:57  Drone  
  33  2:59  Drone  
  33  3:02  Drone  
  35  3:12  Drone x2  
  37  3:14  Drone x3  
  37  3:18  Overlord  
  40  3:20  Drone  
  40  3:26  Queen  
  43  3:30  Overlord  
  43  3:34  Overlord  
  43  3:43  Zergling x4  
  43  3:45  Zergling x2  
  43  3:46  Drone  
  43  3:47  Drone x2  
  49  3:51  Queen  
  49  3:53  Zergling x2  
  52  3:55  Drone  
  52  3:58  Drone x3  
  52  4:00  Overlord  
  56  4:06  Queen  
  58  4:10  Baneling Nest  
  58  4:11  Zergling x2  
  58  4:12  Drone  
  58  4:17  Spore Crawler  
  58  4:18  Zergling x2  
  58  4:19  Drone  
  58  4:21  Drone  
  58  4:23  Drone  
  62  4:27  Zergling x2  
  62  4:29  Queen  
  65  4:32  Drone x3  
  65  4:33  Drone  
  65  4:35  Drone  
  65  4:37  Spore Crawler  
  69  4:40  Lair  
  69  4:42  Zergling x2  
  69  4:45  Drone x2  
  70  4:47  Drone x2  
  70  4:49  Drone  
  73  4:57  Overlord x2  
  73  4:58  Overlord, Baneling x2  
  73  5:05  Evolution Chamber, Drone x2, Extractor  
  73  5:06  Extractor  
  72  5:07  Evolution Chamber  
  72  5:09  Overlord  
  72  5:12  Overlord  
  71  5:16  Overlord  
  71  5:17  Drone x3  
  71  5:18  Drone  
  71  5:20  Drone  
  76  5:25  Drone x4  
  77  5:31  Zergling x4  
  77  5:33  Drone  
  80  5:36  Extractor  
  80  5:37  Drone  
  80  5:39  Centrifical Hooks  
  80  5:40  Drone x3  
  83  5:44  Drone x3  
  83  5:46  Drone  
  83  5:48  Queen  
  85  5:50  Zergling x2  
  85  5:55  Drone x2  
  85  5:56  Drone x2  
  90  5:57  Drone  
  90  5:58  Drone  
  90  6:02  Zerg Melee Weapons Level 1  
  92  6:04  Zerg Ground Armor Level 1  
  92  6:12  Zergling x12  
  98  6:21  Hatchery  
  97  6:26  Zergling x2  
  97  6:27  Hatchery  
  97  6:33  Hydralisk Den, Extractor  
  97  6:35  Baneling x9  
  97  6:37  Overlord  
  97  6:39  Zergling x8  
  99  6:42  Zergling x4  
  101  6:48  Zergling x8  
  101  6:51  Zergling x2  
  101  6:52  Zergling x6  
  109  6:58  Zergling x2  
  109  6:59  Zergling x12  
  114  7:05  Muscular Augments  
  114  7:11  Baneling x9  
  114  7:14  Drone x5  
  119  7:18  Overseer  
  119  7:20  Pneumatized Carapace  
  119  7:21  Overlord x2  
  119  7:23  Drone  
  119  7:29  Overlord  
  120  7:32  Baneling x5  
  120  7:33  Zergling x14  
  127  7:41  Zergling x12  
  123  7:47  Queen, Drone  
  123  7:48  Drone  
  127  7:52  Hydralisk x2  
  127  7:53  Hydralisk  
  127  7:57  Hydralisk  
  127  7:58  Hydralisk  
  137  8:08  Overseer, Hydralisk x4  
  143  8:15  Hydralisk x2  
  143  8:16  Zergling x8, Grooved Spines  
  149  8:21  Drone  
  149  8:22  Overlord x5  
  149  8:26  Overlord  
  149  8:35  Drone  
  149  8:40  Queen  
  149  8:42  Drone x3  
  149  8:44  Baneling x2  
  149  8:46  Drone x2  
  154  8:49  Hatchery, Spore Crawler  
  154  8:53  Hydralisk x2  
  153  8:58  Baneling  
  153  8:59  Baneling x5  
  153  9:01  Zergling x10  
  157  9:05  Drone x2  
  157  9:06  Drone  
  157  9:08  Zergling x6  
  157  9:09  Zergling x4  
  165  9:13  Baneling x5  
  165  9:19  Hatchery  
  165  9:23  Drone  
  165  9:24  Drone x3, Extractor  
  165  9:27  Drone x2  
  165  9:28  Drone  
  165  9:31  Zergling x8  
  160  9:41  Baneling x7  
  160  9:42  Zergling x16  
  167  9:47  Zergling x2  
  167  9:48  Zergling x10  
  166  9:59  Zergling x18  
  155  10:05  Zergling x18  
  156  10:07  Baneling x4  
  156  10:10  Zergling x6  
  155  10:17  Zergling x8  
  152  10:26  Zergling x14  
  152  10:27  Zergling x6  
  156  10:31  Zergling x12  
  156  10:32  Overseer  
  156  10:35  Drone x3  
  160  10:37  Baneling x9  
  160  10:38  Baneling x3  
  160  10:41  Zergling x4  
  157  10:47  Zergling x12  
  141  10:51  Zergling x6  
  133  10:57  Zergling x2  
  133  10:58  Zergling x8  
Show
View Real Time Build Order
Export as new Build Order

LiquidClem Terran - Winner!

Build Orders: Hellion Opening, Liberator Opening, Reaper Expand 

Get SALT Encoding   

  12  0:00  SCV  
  13  0:12  SCV  
  14  0:17  Supply Depot  
  14  0:24  SCV  
  15  0:38  SCV  
  15  0:40  Barracks  
  16  0:44  Refinery  
  16  0:51  SCV  
  17  1:03  SCV  
  18  1:15  SCV  
  19  1:27  Reaper, Orbital Command  
  20  1:40  Command Center  
  20  1:48  Supply Depot  
  20  1:53  SCV  
  21  1:58  Marine  
  22  2:05  SCV  
  23  2:11  Factory  
  23  2:17  SCV  
  23  2:21  Barracks Reactor  
  23  2:22  Refinery  
  24  2:29  SCV  
  25  2:41  SCV  
  26  2:53  SCV, Orbital Command  
  26  2:56  Starport  
  27  3:04  Hellion x2  
  31  3:05  SCV  
  31  3:06  Barracks Tech Lab  
  32  3:17  SCV  
  32  3:18  SCV  
  34  3:23  Supply Depot  
  34  3:25  Hellion x2  
  38  3:31  SCV  
  38  3:33  Viking  
  41  3:34  SCV  
  41  3:40  Stimpack  
  42  3:44  SCV  
  42  3:46  SCV  
  42  3:47  Supply Depot  
  44  3:49  Hellion  
  44  3:52  Hellion  
  48  3:56  SCV  
  48  3:58  SCV  
  50  4:04  Liberator  
  50  4:08  SCV  
  54  4:10  SCV  
  54  4:11  Supply Depot  
  54  4:13  Hellion  
  54  4:15  Hellion  
  59  4:20  SCV  
  59  4:23  SCV  
  61  4:31  Command Center  
  61  4:34  SCV  
  61  4:35  SCV  
  63  4:39  Marine  
  63  4:45  Factory Reactor  
  64  4:46  SCV, Barracks  
  64  4:48  Starport Reactor, Barracks  
  65  4:53  Supply Depot  
  65  4:54  SCV  
  65  4:58  Marine  
  67  5:02  SCV, Engineering Bay x2  
  68  5:10  Refinery x2  
  68  5:11  SCV  
  69  5:14  SCV  
  69  5:16  Marine  
  71  5:22  Supply Depot  
  71  5:23  SCV  
  71  5:26  SCV  
  71  5:27  Combat Shield  
  73  5:30  Factory Reactor  
  73  5:31  Terran Infantry Weapons Level 1  
  73  5:32  Terran Infantry Armor Level 1  
  73  5:33  Marine  
  73  5:35  Marine  
  75  5:39  Marine  
  75  5:40  SCV  
  77  5:43  Orbital Command  
  77  5:44  Marine  
  77  5:45  Marine  
  76  5:51  Medivac, Marine  
  76  5:53  SCV  
  76  5:55  Marine  
  81  5:57  Marine  
  81  6:00  Medivac  
  81  6:02  SCV  
  83  6:04  Supply Depot, Orbital Command  
  83  6:05  SCV, Marine x2  
  83  6:09  Marine  
  87  6:13  Marine  
  87  6:14  SCV  
  87  6:16  Supply Depot  
  87  6:17  SCV, Widow Mine  
  87  6:18  Widow Mine  
  94  6:19  Marine  
  95  6:25  Supply Depot  
  95  6:26  SCV  
  95  6:27  Marine  
  95  6:28  Marine x2  
  95  6:29  SCV  
  100  6:37  Barracks  
  100  6:39  Barracks  
  100  6:41  Armory  
  100  6:42  SCV  
  100  6:46  Marine  
  102  6:48  SCV  
  102  6:49  SCV, Supply Depot  
  102  6:51  Widow Mine  
  102  6:52  Marine  
  102  6:53  Marine x2  
  109  6:56  Marine  
  110  7:04  Marine  
  110  7:05  Medivac x2  
  110  7:06  Widow Mine  
  110  7:07  SCV  
  118  7:10  Supply Depot, Refinery, Factory  
  118  7:12  SCV, Marine  
  118  7:13  Supply Depot  
  118  7:14  Widow Mine  
  122  7:16  Marine  
  122  7:17  SCV  
  122  7:20  Marine x2  
  122  7:22  Marine  
  127  7:23  Supply Depot  
  127  7:27  Marine  
  127  7:29  Terran Infantry Armor Level 2, Terran Infantry Weapons Level 2  
  128  7:30  Marine  
  128  7:32  Barracks Reactor  
  128  7:33  Widow Mine  
  131  7:37  Missile Turret  
  131  7:42  Marine x2  
  131  7:44  Marine x2  
  113  7:49  Marine  
  117  7:52  Command Center  
  117  7:54  Factory Tech Lab  
  117  7:55  Widow Mine  
  117  7:56  Widow Mine  
  121  8:00  Medivac, Marine x2  
  121  8:03  Barracks Reactor  
  121  8:04  Marine x2  
  126  8:07  Marine  
  126  8:09  Marine  
  126  8:11  Medivac  
  128  8:14  Marine  
  128  8:18  Marine x2  
  127  8:21  Marine  
  127  8:22  Marine  
  127  8:24  Barracks x2  
  127  8:25  Marine, Barracks  
  126  8:27  Marine  
  126  8:28  Drilling Claws, Widow Mine x2  
  132  8:34  Medivac, Siege Tank  
  132  8:35  Marine  
  132  8:36  Marine  
  132  8:40  Marine  
  132  8:41  Marine  
  138  8:42  Marauder  
  138  8:44  Marine x2  
  138  8:45  Marine x2  
  138  8:48  Terran Vehicle And Ship Armor Level 1  
  144  8:51  SCV  
  144  8:53  Marine  
  145  8:56  Marine  
  145  8:58  Marine  
  145  9:00  Marine  
  145  9:02  Medivac  
  150  9:03  Widow Mine x2  
  150  9:04  Medivac, Marauder  
  150  9:06  SCV x2  
  160  9:10  Siege Tank  
  160  9:12  Barracks Tech Lab x2  
  160  9:13  Barracks Tech Lab  
  160  9:16  Concussive Shells, Marine  
  164  9:20  Marine x2  
  164  9:21  Marine x2  
  164  9:24  SCV x2  
  169  9:25  Marauder  
  172  9:31  SCV  
  172  9:34  Marauder  
  172  9:35  Widow Mine  
  172  9:36  Marauder  
  172  9:42  Planetary Fortress  
  172  9:44  SCV, Marine  
  172  9:45  Marine  
  172  9:46  Marauder  
  172  9:47  Marauder  
  172  9:48  Siege Tank  
  171  9:56  Marauder  
  171  9:58  Marauder  
  171  9:59  SCV x2, Marine x2  
  166  10:00  Marine  
  166  10:06  Medivac  
  166  10:07  Marauder, Marine x2, Widow Mine  
  172  10:14  Marine  
  172  10:15  Marine x2  
  172  10:17  Medivac, Marauder, Marine x2  
  172  10:21  Marine x2  
  172  10:26  Marine x3  
  170  10:29  Widow Mine  
  170  10:31  Marine, Widow Mine  
  170  10:32  Marine  
  172  10:40  Marine x2  
  172  10:41  Medivac  
  172  10:42  Marauder  
  172  10:43  Marine  
  172  10:49  Marine x4  
  167  10:50  Marauder, Marine x2  
  161  11:08  Command Center  

Tags
 
Add a new tag
Caveats
  • Supply blocks, unpowered buildings, or Contaminate may cause inaccurate times.
  • Supply counts are checked every 10 seconds.